 Dungeon Crawl Stone Soup version 0.22-a0-398-g8bb545f (webtiles) character file.

349 emperorscorpion the Shield-Bearer (level 6, -1/56 HPs)
             Began as a Minotaur Fighter on May 5, 2018.
             Was an Initiate of Makhleb.
             Succumbed to a gnoll's poison
             ... on level 5 of the Dungeon.
             The game lasted 00:03:29 (845 turns).

emperorscorpion the Shield-Bearer (Minotaur Fighter) Turns: 845, Time: 00:03:29

Health: -1/56      AC: 12    Str: 23    XL:     6   Next: 33%
Magic:  5/5        EV:  5    Int:  5    God:    Makhleb [......]
Gold:   123        SH: 10    Dex:  9    Spells: 5/5 levels left

rFire    . . .     SeeInvis .   b - +3 spear
rCold    . . .     Gourm    .   c - +0 shield
rNeg     . . .     Faith    .   k - +0 plate armour
rPois    .         Spirit   .   (helmet restricted)
rElec    .         Reflect  .   (no cloak)
rCorr    .         Harm     .   (no gloves)
MR       .....                  (no boots)
Stlth    ..........             (no amulet)
HPRegen  0.18/turn              (no ring)
MPRegen  0.09/turn              (no ring)

@: lethally poisoned (-1 -> -35)
A: retaliatory headbutt, horns 2
a: Renounce Religion


You were on level 5 of the Dungeon.
You worshipped Makhleb.
Makhleb was noncommittal.
You were not hungry.

You visited 1 branch of the dungeon, and saw 5 of its levels.

You collected 123 gold pieces.

Inventory:

Hand Weapons
 a - a +0 war axe
 b - a +3 spear (weapon)
 t - a +0 blowgun
Missiles
 u - 26 poisoned needles
Armour
 c - a +0 shield (worn)
 e - a +0 scale mail
 k - a +0 plate armour (worn)
Scrolls
 h - a scroll of blinking {unknown}
 j - 4 scrolls of identify {unknown}
 l - a scroll of fear {unknown}
 m - 3 scrolls of remove curse {unknown}
 o - a scroll of random uselessness {unknown}
 q - a scroll of amnesia {unknown}
 s - a scroll of enchant weapon {unknown}
Potions
 d - 3 potions of might
 i - a potion of haste
 n - a potion of flight {unknown}
 p - a potion of heal wounds
Comestibles
 f - 5 rations
 g - a chunk of flesh


   Skills:
 + Level 5.1 Fighting
 + Level 2.7 Axes
 + Level 5.6 Armour
 + Level 0.9 Dodging
 + Level 6.2 Shields


You had 5 spell levels left.
You didn't know any spells.

Dungeon Overview and Level Annotations

Branches:
Dungeon (5/15)
 Temple: D:4-7

Altars:
Makhleb

Shops:
D:4 }


Innate Abilities, Weirdness & Mutations

You reflexively headbutt those who attack you in melee.
You have a pair of horns on your head.


Message History

You are more poisoned.
You barely miss the gnoll.
The gnoll is severely wounded.
* * * LOW HITPOINT WARNING * * *
You feel sick. The gnoll hits you but does no damage.
You block the gnoll's attack.
Some of the chunks of flesh in your inventory have rotted away.
You hit the gnoll.
The gnoll is almost dead.
* * * LOW HITPOINT WARNING * * *
You feel very sick. You block the gnoll's attack.
The gnoll hits you with a spear of venom.
* * * LOW HITPOINT WARNING * * *
You are more poisoned.
Unknown command.
Your plate armour prevents you from hitting the gnoll.
Your headbutt misses the gnoll.
The gnoll is almost dead.
You die...

#### ### ..... #.+......
#@#...... #g#......
#g#...... #........
#..g.#### #....# #
#....#
#.#....#############
#####.#†#...............


You could see 2 gnolls.

Vanquished Creatures
  Eustachio (D:4)
  An orc wizard (D:4)
  A hound (D:5)
  An orc priest (D:4)
  A worker ant (D:5)
  A gnoll (D:5)
  5 adders
  2 dart slugs (D:1)
  4 leopard geckos
  3 orcs (D:4)
  2 bats (D:1)
  A giant cockroach (D:1)
  4 goblins (D:1)
  A hobgoblin (D:2)
  4 jackals (D:1)
  A quokka (D:5)
  A jackal skeleton (D:4)
  4 kobolds
  A quokka skeleton (D:4)
  3 rats
42 creatures vanquished.

Notes
Turn   | Place    | Note
-------+----------+-------------------------------------------
     0 | D:1      | emperorscorpion the Minotaur Fighter began the quest for the Orb.
     0 | D:1      | Reached XP level 1. HP: 19/19 MP: 0/0
    92 | D:1      | Reached XP level 2. HP: 27/27 MP: 1/1
   276 | D:1      | Reached skill level 4 in Shields
   351 | D:2      | Found a burning altar of Makhleb.
   360 | D:2      | Reached XP level 3. HP: 33/33 MP: 2/2
   370 | D:2      | Became a worshipper of Makhleb the Destroyer
   588 | D:4      | Reached XP level 4. HP: 36/41 MP: 3/3
   603 | D:4      | Reached skill level 5 in Shields
   639 | D:4      | Reached XP level 5. HP: 35/47 MP: 4/4
   645 | D:4      | Noticed Eustachio
   672 | D:4      | Killed Eustachio
   672 | D:4      | Reached skill level 5 in Armour
   672 | D:4      | Reached XP level 6. HP: 43/55 MP: 5/5
   676 | D:4      | Reached skill level 5 in Fighting
   708 | D:4      | Found Faejisis's Gadget Boutique.
   743 | D:5      | Entered Level 5 of the Dungeon
   746 | D:5      | Reached skill level 6 in Shields
   844 | D:5      | HP: 2/56 [gnoll/spear of venom (4)]
   845 | D:5      | Succumbed to a gnoll's poison

Vault maps used:
D:1:      mainiacjoe_arrival_reflecting_pool
D:2:      lemuel_doored_altar, kennysheep_boxes
D:3:      first_ration, st_stairs_11
D:4:      serial_shops, shop, corexii_leaking_fountain, led_sif_pool,
          uniq_eustachio
D:5:      basic_altar, hex_intersection, uniq_edmund, uniq_duvessa

Skill      XL: |  1  2  3  4  5  6 |
---------------+-------------------+-----
Armour         | 4 5 |  5.6
Shields        | 4 5 6 |  6.2
Fighting       | 4 5 |  5.1
Axes           | |  2.7
Dodging        | |  0.9

Action                   |  1- 3 |  4- 6 || total
-------------------------+-------+-------++-------
Melee: Spear             |    79 |    73 ||   152
       Headbutt          |     9 |    12 ||    21
  Use: Potion            |     2 |     3 ||     5
Armor: Scale mail        |     5 |       ||     5
       Plate armour      |    32 |    60 ||    92
Dodge: Dodged            |    15 |    37 ||    52
Block: Shield            |    29 |    64 ||    93

Table legend:
 A = Spawn XP
 B = Non-spawn XP
 C = Spawn XP percentage of total XP
 D = Spawn monster count
 E = Non-spawn monster count
 F = Spawn count percentage of total count
 G = Total turns spent on level
                    A         B        C        D         E        F      G
               +---------+---------+-------+---------+---------+-------+---------
         Total |       0 |     499 |   0.0 |       0 |      42 |   0.0 |   845
               +---------+---------+-------+---------+---------+-------+---------
           D:1 |       0 |      40 |   0.0 |       0 |      19 |   0.0 |   345
           D:2 |       0 |      34 |   0.0 |       0 |       5 |   0.0 |   163
           D:3 |       0 |      15 |   0.0 |       0 |       3 |   0.0 |    69
           D:4 |       0 |     320 |   0.0 |       0 |      11 |   0.0 |   166
           D:5 |       0 |      90 |   0.0 |       0 |       4 |   0.0 |   102
               +---------+---------+-------+---------+---------+-------+---------
